AoeStats
← Mycorrhizal

Arena

508904385Analyzed
4v4 RM · 7d ago on Sep 24, 2026· 42m 7s· 8 players
Game mode
Random Map
Map size
Large (8 player)
Population
200
Speed
Normal
Resources
Standard
Victory
Conquest
Starting age
Dark Age
Ending age
Imperial Age
RankedLock teamsTeams togetherTeam positionsShared explorationLock speedFull tech treeHidden civsTurbo modeCheats
Victory
Defeat
🇺🇸 Celts · United States
1513
+14
🇨🇦 Dravidians · Canada
1474
+16
🇩🇪 Khmer · Germany
1454
+16
🇨🇦 Bohemians · Canada
1447
+17
🇦🇷 Spanish · Argentina
1576
-20
🇦🇷 Romans · Argentina
1510
-18
🇭🇰 Berbers · Hong Kong SAR China
1505
-17
🇨🇳 Maya · China
1261
-8
Ranchy
10:05 Feudal Age
13:46 Castle Age
12:12 Double-Bit Axe
14:56 Bow Saw
17:42 Wheelbarrow
18:45 Loom
19:32 Horse Collar
25:40 Imperial Age
23:07 Gold Mining
23:48 Fletching
24:24 Bodkin Arrow
25:05 Padded Archer Armor
24:54 Elite Skirmisher
26:32 Ballistics
26:37 Hand Cart
26:46 Bracer
27:51 Leather Archer Armor
27:41 Town Watch
29:26 Chemistry
29:24 Ring Archer Armor
31:04 Conscription
32:20 Two-Man Saw
31:51 Medical Corps
34:12 Elite Elephant Archer
35:09 Thumb Ring
35:58 Scale Barding Armor
36:03 Forging
35:34 Pikeman
36:14 Squires
35:59 Gambesons
36:16 Scale Mail Armor
37:41 Chain Mail Armor
38:07 Forging
37:21 Halberdier
40:20 Plate Mail Armor
40:03 Stone Mining
40:49 Wootz Steel
41:39 Husbandry
LuisDaniel123
10:32 Feudal Age
14:23 Castle Age
12:33 Double-Bit Axe
12:49 Horse Collar
15:59 Bow Saw
21:50 Wheelbarrow
22:44 Scale Mail Armor
23:12 Heavy Plow
23:11 Gold Mining
23:50 Forging
25:18 Chain Mail Armor
25:38 Iron Casting
25:07 Gambesons
25:08 Arson
24:44 Pikeman
25:37 Loom
26:13 Hand Cart
27:14 Gold Shaft Mining
26:48 Town Watch
27:37 Stone Mining
30:48 Imperial Age
30:29 Town Patrol
31:21 Stone Shaft Mining
31:15 Halberdier
32:29 Plate Mail Armor
32:59 Blast Furnace
31:43 Onager
32:51 Siege Onager
34:03 Capped Ram
35:08 Conscription
35:00 Furor Celtica
35:53 Stronghold
37:05 Chemistry
36:35 Siege Ram
37:52 Masonry
39:58 Siege Engineers
41:13 Ballistics
40:48 Murder Holes
40:48 Fletching
40:59 Padded Archer Armor
Mycorrhizal
10:31 Feudal Age
11:08 Loom
14:36 Castle Age
12:53 Double-Bit Axe
15:57 Wheelbarrow
16:13 Bow Saw
16:46 Horse Collar
20:23 Fervor
22:18 Fletching
24:32 Sanctity
24:30 Bodkin Arrow
27:40 Masonry
30:44 Hand Cart
30:56 Town Watch
31:13 Scale Mail Armor
32:18 Pikeman
35:56 Imperial Age
35:23 Chemistry
35:14 Chain Mail Armor
35:26 Squires
35:38 Forging
35:48 Heavy Plow
37:23 Plate Mail Armor
36:29 Halberdier
40:30 Iron Casting
DaKrankVieh
11:28 Feudal Age
14:09 Castle Age
12:43 Double-Bit Axe
12:40 Horse Collar
15:43 Bow Saw
16:16 Loom
21:17 Stone Mining
24:02 Ballistics
28:11 Imperial Age
29:14 Siege Engineers
30:57 Heavy Scorpion
33:06 Chemistry
33:59 Wheelbarrow
34:42 Double Crossbow
35:34 Conscription
36:51 Hand Cart
37:45 Tusk Swords
38:00 Gold Mining
39:14 Scale Barding Armor
39:21 Forging
39:42 Husbandry
41:24 Chain Barding Armor
41:39 Iron Casting
41:17 Bloodlines
40:29 Light Cavalry
43:09 Plate Barding Armor
41:58 Elite Battle Elephant
Rhapcore
10:45 Feudal Age
14:55 Castle Age
13:11 Double-Bit Axe
13:25 Horse Collar
16:17 Bow Saw
18:34 Heavy Plow
20:57 Wheelbarrow
21:47 Gold Mining
23:26 Hand Cart
25:00 Gold Shaft Mining
25:52 Husbandry
26:03 Bloodlines
27:19 Stone Mining
30:03 Imperial Age
27:22 Town Watch
27:24 Loom
28:51 Fortified Wall
28:54 Forging
28:49 Scale Barding Armor
31:07 Conscription
30:59 Light Cavalry
31:43 Elite Centurion
32:47 Comitatenses
33:37 Iron Casting
33:22 Chain Barding Armor
34:14 Town Patrol
35:42 Ballistics
36:23 Chemistry
36:47 Blast Furnace
36:23 Plate Barding Armor
37:14 Heavy Scorpion
41:13 Crop Rotation
42:32 Ballistas
Suricata Tactica
10:07 Feudal Age
13:36 Castle Age
12:16 Loom
12:35 Double-Bit Axe
12:39 Horse Collar
14:41 Bow Saw
24:54 Imperial Age
23:21 Scale Barding Armor
27:28 Chemistry
27:00 Husbandry
27:37 Bloodlines
37:29 Wheelbarrow
41:00 Conscription
40:16 Elite Conquistador
609170940
10:29 Feudal Age
11:45 Double-Bit Axe
14:07 Castle Age
12:01 Horse Collar
15:12 Bow Saw
22:29 Wheelbarrow
21:57 Heavy Plow
23:36 Hand Cart
27:21 Imperial Age
24:58 Stone Mining
24:58 Gold Mining
24:56 Loom
25:19 Scale Barding Armor
25:24 Forging
26:22 Chain Barding Armor
27:01 Stone Shaft Mining
27:01 Gold Shaft Mining
27:42 Iron Casting
28:04 Maghrebi Camels
28:24 Conscription
28:43 Plate Barding Armor
28:53 Crop Rotation
29:12 Bloodlines
29:02 Husbandry
28:24 Heavy Camel Rider
29:35 Fletching
29:45 Padded Archer Armor
29:35 Fletching
29:45 Padded Archer Armor
30:47 Chemistry
31:30 Blast Furnace
30:57 Ballistics
30:47 Bodkin Arrow
33:19 Leather Archer Armor
33:05 Bracer
33:38 Thumb Ring
34:44 Ring Archer Armor
641627092
10:22 Feudal Age
14:46 Castle Age
13:27 Double-Bit Axe
15:28 Loom
16:46 Horse Collar
25:44 Gold Mining
27:37 Wheelbarrow
28:10 Wheelbarrow
31:36 Imperial Age
30:01 Stone Mining
30:15 Padded Archer Armor
32:58 Stone Shaft Mining
32:57 Hand Cart
32:49 Crossbowman
41:42 Imperial Age
39:45 Bow Saw
44:11 Imperial Age
41:42 Town Watch
Connection lost

Rejoining the realm…

Still unreachable

The connection could not be restored.

Session expired

The server has moved on; the page needs a fresh start.